 Dungeon Crawl Stone Soup version 0.28.0-53-g5a82cb258f (webtiles) character file.

Game seed: 16825055180710211496

9 Stomo the Skirmisher (level 2, 0/26 HPs)
             Began as a Draconian Monk on July 13, 2022.
             Killed from afar by an orc wizard (4 damage)
             ... with a magic dart
             ... on level 1 of the Dungeon.
             The game lasted 00:00:36 (738 turns).

Stomo the Skirmisher (Draconian Monk)                Turns: 738, Time: 00:00:37

Health: 0/26       AC:  4    Str: 13    XL:     2   Next: 3%
Magic:  2/2        EV: 12    Int: 10    God:
Gold:   60         SH:  0    Dex: 13    Spells: 1/1 levels left

rFire   . . .      SeeInvis .   a - +0 mace
rCold   . . .      Faith    .   (no shield)
rNeg    . . .      Spirit   .   (armour unavailable)
rPois   .          Reflect  .   (helmet restricted)
rElec   .          Harm     .   (no cloak)
rCorr   .          Rampage  .   (no gloves)
Will    .....                   (no boots)
Stlth   +.........              (no amulet)
HPRegen 0.08/turn               (no ring)
MPRegen 0.08/turn               (no ring)

@: confused
A: AC +4, unfitting armour, cold-blooded
a: no special abilities


You were on level 1 of the Dungeon.
You visited 1 branch of the dungeon, and saw 2 of its levels.

You collected 60 gold pieces.

Inventory:

Hand Weapons
 a - a +0 mace (weapon)
Scrolls
 c - a scroll of amnesia {unknown}
Potions
 b - 2 potions of cancellation {unknown}


   Skills:
 + Level 3.5 Fighting
 + Level 3.2 Maces & Flails
 + Level 2.9 Dodging
 - Level 1.7 Stealth


You had one spell level left.
You didn't know any spells.
Your spell library contained the following spells:

 Spells                   Type           Power      Damage    Failure   Level
 Blink                    Tloc           0%         N/A       50%         2
 Lesser Beckoning         Tloc           0%         N/A       75%         3
 Manifold Assault         Tloc           0%         N/A       100%        5


Dungeon Overview and Level Annotations

Branches:
Dungeon (2/15)

Altars:

Shops:
D:1 ?


Innate Abilities, Weirdness & Mutations

Your plain brown scales are hard. (AC +4)
You cannot fit into any form of body armour.
You are cold-blooded and may be slowed by cold attacks.


Message History

You hit something but do no damage. Something hits you.
You miss something. Something hits you.
You miss something.
You hear some strange, mumbled words.
A magic dart appears from out of thin air!
The magic dart hits you. Something hits you but does no damage.
You miss something. Something hits you.
You miss something. Something hits you.
You miss something. Something hits you but does no damage.
You miss something.
Your tail-slap misses something.
You hear some strange, mumbled words.
Something tries to affect you, but you resist.
You hear some strange, mumbled words.
Something tries to affect you, but you resist.
You miss something.
Your tail-slap misses something.
You hear some strange, mumbled words.
You are confused.
You barely miss something. Something hits you but does no damage.
You nearly stumble into some lava!
Something hits you but does no damage.
You nearly stumble into some lava!
Something hits you.
You miss something. Something hits you.
You miss something.
Your tail-slap misses something.
Something hits you.
* * * LOW HITPOINT WARNING * * *
You hear some strange, mumbled words.
You are more confused.
You miss something. Something hits you.
* * * LOW HITPOINT WARNING * * *
You're too confused to move!
Something hits you but does no damage.
You're too confused to move!
Something hits you.
* * * LOW HITPOINT WARNING * * *
You nearly stumble into some lava!
You hear some strange, mumbled words.
You are more confused.
You nearly stumble into some lava!
Something hits you but does no damage.
You nearly stumble into some lava!
Something hits you but does no damage.
You closely miss something.
You hear some strange, mumbled words.
A magic dart appears from out of thin air!
The magic dart hits you.
You die...

##..##...##....##..#
#........####..##.##
#...####..# #..##.# #..## ##.#
##....# #####..# #.#######.##
#......## ##......#...#######
..≈≈≈≈..####..≈≈§§...........#
.≈≈≈≈≈≈......≈≈≈≈≈≈....#####.#
.≈≈≈≈≈≈......≈§{@≈≈.#.## #.#
.≈≈≈≈≈≈......≈.§≈≈≈.#.# #.#
..≈≈≈≈........≈≈≈≈..#.# #.#
#.......#.##........#.### #.#
#########.######.#..#...# #.#
#########.# ##.##.###.# #.#
........#.# ##...#.# #.# #.#
#######.#.# #......# #.# #.#
#.#.# #......###.####.#


There were no monsters in sight!

Vanquished Creatures
  An endoplasm (D:1)
  A kobold (D:1)
  A quokka (D:1)
  2 ball pythons (D:1)
  2 goblins (D:1)
  2 rats (D:1)
9 creatures vanquished.

Notes
Turn   | Place    | Note
-------+----------+-------------------------------------------
     0 | D:1      | Stomo the Draconian Monk began the quest for the Orb.
     0 | D:1      | Reached XP level 1. HP: 19/19 MP: 1/1
   327 | D:1      | Found a faded altar of an unknown god.
   352 | D:1      | Found Depedano's Magic Scroll Emporium.
   359 | D:1      | Reached XP level 2. HP: 23/26 MP: 2/2
   738 | D:1      | Killed from afar by an orc wizard

Illustrated notes

Levels and vault maps discovered:
D:1:      dpeg_arrival_pits, layout_loops_ring, serial_shops,
          nicolae_square_shop, ebering_ecumenical_altar_webs
D:2:      layout_loops_corners, minmay_strange_pillars

Action                   || total
-------------------------++-------
Melee: Mace              ||    46
       Punch             ||     1
 Stab: Sleeping          ||     2
Armor: Skin              ||    23
Dodge: Dodged            ||    16
